 Dungeon Crawl Stone Soup version 0.30-a0-121-gb27577e5d9 (webtiles) character file.

Game seed: 5828133425083842890

87 MisterAzrael the Stinger (level 4, -1/24 HPs)
             Began as a Deep Elf Venom Mage on Sept 14, 2022.
             Slain by Duvessa
             ... wielding a +0 short sword
              (6 damage)
             ... on level 5 of the Dungeon.
             The game lasted 00:05:00 (3988 turns).

MisterAzrael the Stinger (Deep Elf Venom Mage)      Turns: 3988, Time: 00:05:00

Health: -1/24      AC:  3    Str:  5      XL:     4   Next: 28%
Magic:  5/11       EV: 12    Int: 22      God:
Gold:   185        SH:  0    Dex: 13 (15) Spells: 4/10 levels left

rFire   . . .      SeeInvis .    (no weapon)
rCold   . . .      Faith    .    (no shield)
rNeg    . . .      Spirit   .    a - +0 robe
rPois   .          Reflect  .    p - +0 helmet
rElec   .          Harm     .    (no cloak)
rCorr   .          Rampage  .    (no gloves)
Will    .....                    (no boots)
Stlth   ++........               (no amulet)
HPRegen 0.08/turn                (no ring)
MPRegen 0.12/turn                (no ring)

@: no status effects
A: no striking features
a: no special abilities


You were on level 5 of the Dungeon.
You visited 1 branch of the dungeon, and saw 4 of its levels.

You collected 185 gold pieces.

Inventory:

Missiles
 f - 7 poisoned darts
Armour
 a - a +0 robe (worn)
 l - a +0 cloak
 p - a +0 helmet (worn)
Wands
 q - a wand of digging (4)
Scrolls
 c - a scroll of summoning {unknown}
 e - a scroll of teleportation {unknown}
 g - a scroll of vulnerability {unknown}
 h - 3 scrolls of immolation {unknown}
 i - 2 scrolls of identify {unknown}
 k - a scroll of fear {unknown}
 r - 2 scrolls of blinking {unknown}
 s - a scroll of butterflies {unknown}
Potions
 b - 2 potions of magic
 d - 2 potions of degeneration
 j - a potion of attraction {unknown}
 m - a potion of curing {unknown}
 n - a potion of flight
 o - a potion of might {unknown}


   Skills:
 - Level 2.4 Dodging
 - Level 2.4 Stealth
 + Level 3.9 Spellcasting
 * Level 1.2 Conjurations
 - Level 2.0 Transmutations
 + Level 0.5 Air Magic
 * Level 4.5 Poison Magic


You had 4 spell levels left.
You knew the following spells:

 Your Spells              Type           Power      Damage    Failure   Level
a - Sting                 Tmut/Pois      72%        1d6       3%          1
b - Poisonous Vapours     Pois/Air       30%        N/A       6%          2
c - Mephitic Cloud        Conj/Pois/Air  13%        N/A       14%         3

Your spell library contained the following spells:

 Spells                   Type           Power      Damage    Failure   Level
 Static Discharge         Conj/Air       16%        3-4/arc   12%         2
 Olgreb's Toxic Radiance  Pois           24%        N/A       17%         4
 Arcjolt                  Conj/Air       4%         1d14      91%         5
 Lightning Bolt           Conj/Air       4%         1d15      91%         5
 Maxwell's Capacitive Co  Air            3%         ∞         100%        8


Dungeon Overview and Level Annotations

Branches:
Dungeon (3/15)

Altars:

Annotations:
D:5 Dowan, Duvessa


Message History

Press: ? - help, Q - select action, (/) - cycle Dir - move target, f - Dowan, p - Duvessa
Aim: Dowan, wielding a +0 dagger, wearing a +0 robe and carrying a wand of polymorph (13) Poisonous vapours surround Dowan!
Dowan is poisoned.
Dowan casts a spell at you. You resist with some effort.
Aiming: Poisonous Vapours (safe; 6% risk of failure)
Press: ? - help, Q - select action, (/) - cycle Dir - move target, f/p - Dowan
Aim: Dowan, wielding a +0 dagger, wearing a +0 robe and carrying a wand of polymorph (13) (lightly wounded, poisoned) Poisonous vapours surround Dowan!
Dowan looks even sicker.
Aiming: Poisonous Vapours (safe; 6% risk of failure)
Press: ? - help, Q - select action, (/) - cycle Dir - move target, f/p - Dowan
Aim: Dowan, wielding a +0 dagger, wearing a +0 robe and carrying a wand of polymorph (13) (lightly wounded, very poisoned) Poisonous vapours surround Dowan!
Dowan looks even sicker.
You don't have enough magic to cast this spell.
Magic courses through your body.
Aiming: Poisonous Vapours (safe; 6% risk of failure)
Press: ? - help, Q - select action, (/) - cycle Dir - move target, f/p - Dowan
Aim: Dowan, wielding a +0 dagger, wearing a +0 robe and carrying a wand of polymorph (13) (heavily wounded, very poisoned) Poisonous vapours surround Dowan!
Dowan looks even sicker.
Duvessa hits you with a +0 short sword.
Aiming: Poisonous Vapours (safe; 6% risk of failure)
Press: ? - help, Q - select action, (/) - cycle Dir - move target, f - Duvessa, p - Dowan
Aim: Duvessa, wielding a +0 short sword and wearing a +0 leather armour of willpower (lightly wounded, poisoned) Poisonous vapours surround Duvessa!
Duvessa looks even sicker.
Duvessa closely misses you. Duvessa closely misses you.
Dowan hits you with a +0 dagger.
Dowan casts a spell at Duvessa.
Duvessa seems to speed up.
There is an open door here.
Duvessa attacks as you move away! Duvessa hits you with a +0 short sword!
* * * LOW HITPOINT WARNING * * *
Duvessa misses you.
Dowan casts a spell.
Dowan blinks!
Aiming: Poisonous Vapours (safe; 6% risk of failure)
Press: ? - help, Q - select action, (/) - cycle Dir - move target, f/p - Duvessa
Aim: Duvessa, wielding a +0 short sword and wearing a +0 leather armour of willpower (moderately wounded, fast, poisoned) Poisonous vapours surround Duvessa!
Duvessa looks even sicker.
Duvessa hits you with a +0 short sword.
You die...

..#.###........#.###.##~.
...e..'.........>......#.
#..........# ##.#.
#..........#####.#.
#............##....
#.§........#.##.###
#..........#.##.#
##e######.......# #@#
#.......# #.# #.......#
#.# ##..♣..## #.# ##≈≈≈##
#.# ##### #.# #.# #.#


You could see Duvessa (fast, very poisoned).

Vanquished Creatures
  3 adders
  A worm (D:2)
  4 endoplasms
  3 giant cockroaches
  12 goblins
  5 hobgoblins
  4 jackals (D:2)
  2 quokkas (D:1)
  6 ball pythons
  3 bats
  2 frilled lizards (D:1)
  4 kobolds
  6 rats
55 creatures vanquished.

Notes
Turn   | Place    | Note
-------+----------+-------------------------------------------
     0 | D:1      | MisterAzrael the Deep Elf Venom Mage began the quest for
                  | the Orb.
     0 | D:1      | Reached XP level 1. HP: 10/10 MP: 6/6
    11 | D:1      | Found a faded altar of an unknown god.
   264 | D:1      | Reached XP level 2. HP: 4/15 MP: 2/8
   480 | D:1      | Learned a level 2 spell: Poisonous Vapours
  1670 | D:2      | Reached skill level 4 in Poison Magic
  1879 | D:2      | Reached XP level 3. HP: 7/19 MP: 2/10
  2340 | D:2      | Learned a level 3 spell: Mephitic Cloud
  3321 | D:3      | Reached skill level 1 in Conjurations
  3321 | D:3      | Reached XP level 4. HP: 24/24 MP: 3/11
  3894 | D:3      | You fall into a shaft and drop 2 floors!
  3894 | D:5      | Entered Level 5 of the Dungeon
  3972 | D:5      | Noticed Duvessa
  3973 | D:5      | Noticed Dowan
  3988 | D:5      | Slain by Duvessa

Illustrated notes

Levels and vault maps discovered:
D:1:      saegor_arrival_simple_b, layout_loops_ring,
          shapermc_ecumenical_altar_starsandcircs
D:2:      layout_loops_ring
D:3:      layout_basic
D:5:      layout_basic, kennysheep_nub, hex_large,
          chequers_serial_rivers_small_a, uniq_duvessa

Skill      XL: |  1  2  3 |
---------------+----------+-----
Poison Magic   | 4 |  4.5
Transmutations | 2 |  2.0
Conjurations   | 1 |  1.2
Dodging        | |  2.4
Stealth        | |  2.4
Spellcasting   | |  3.9
Air Magic      | |  0.5

Action                   |  1- 3 |  4- 6 || total
-------------------------+-------+-------++-------
Melee: Unarmed           |     2 |       ||     2
 Cast: Sting             |    25 |       ||    25
       Poisonous Vapours |    61 |    24 ||    85
  Use: Potion            |     3 |     1 ||     4
Armor: Robe              |     6 |     2 ||     8
Dodge: Dodged            |    37 |    11 ||    48

Table legend: (Time is in decaauts)
 A = Elapsed time spent in this place.
 B = Non-inter-level travel time spent in this place.
 C = Inter-level travel time spent in this place.
 D = Time resting spent in this place.
 E = Time spent auto-exploring this place.
 F = Levels seen in this place.
 G = Mean time per level.
                   A        B        C        D        E       F      G
               +--------+--------+--------+--------+--------+-----+--------+
         Total |   3987 |   3921 |     66 |    616 |   2820 |   4 |  996.8 |
       Dungeon |   3987 |   3921 |     66 |    616 |   2820 |   4 |  996.8 |
               +--------+--------+--------+--------+--------+-----+--------+

Top non-repeatable levels by time:
     D:1: 1663 daAuts
     D:2: 1528 daAuts
     D:3: 701 daAuts
     D:5: 93 daAuts
